 Dungeon Crawl Stone Soup version 0.27-a0-1139-g28e009f8a6 (webtiles) character file.

Game seed: 15887909915084351703

7185 Froggeryz the Martial Artist (level 10, -3/72 (77) HPs)
             Began as a Demonspawn Wanderer on May 8, 2021.
             Was an Initiate of Gozag.
             Slain by a wight
             ... wielding a +0 halberd
              (13 damage)
             ... on level 9 of the Dungeon.
             The game lasted 00:12:17 (11316 turns).

Froggeryz the Martial Artist (Demonspawn Wanderer) Turns: 11316, Time: 00:12:17

HP:   -3/72 (77)    AC:  5    Str: 13    XL:     10   Next: 87%
MP:   10/10         EV:  9    Int: 16    God:    Gozag
Gold: 583           SH:  0    Dex: 13    Spells: 9/9 levels left

rFire    + . .     SeeInvis .     - Unarmed
rCold    + . .     Faith    .   (no shield)
rNeg     . . .     Spirit   .   m - +0 scale mail
rPois    .         Reflect  .   C - +2 hat {Stlth+}
rElec    .         Harm     .   j - scarf {rC+ rF+}
rCorr    +         Rampage  .   (no gloves)
Will     .....                  (no boots)
Stlth    +.........             (no amulet)
HPRegen  0.22/turn              x - ring of resist corrosion
MPRegen  0.12/turn              (no ring)

@: corroded, drained
A: foul stench 1, spiny 2, sharp scales 3
a: Renounce Religion, Potion Petition, Call Merchant, Bribe Branch


You were on level 9 of the Dungeon.
You worshipped Gozag.
Gozag was pleased with you.
You visited 2 branches of the dungeon, and saw 10 of its levels.
You also visited: Sewer.

You collected 786 gold pieces.
You spent 60 gold pieces at shops.
You paid 143 gold pieces to Gozag.

Inventory:

Hand Weapons
 l - a +2 vampiric dagger
 r - the +10 great mace of Fee Simple {elec, +Rage rF+ rC+ rN+}
   (You found it in a sewer)

   Occasionally, upon striking a foe, it can discharge electrical energy and
   cause terrible harm.
   It protects you from fire.
   It protects you from cold.
   It protects you from negative energy.
   It lets you go berserk.
Missiles
 i - 105 poisoned darts (quivered)
 k - 2 throwing nets
Armour
 j - a scarf of resistance (worn)
 m - a +0 scale mail (worn)
 C - a +2 hat of stealth (worn)
Jewellery
 x - a ring of resist corrosion (left hand)
Wands
 u - a wand of mindburst (19)
 z - a wand of iceblast (9)
Scrolls
 a - 2 scrolls of enchant armour
 b - 3 scrolls of blinking
 c - 4 scrolls of teleportation
 f - 2 scrolls of torment
 g - 2 scrolls of noise
 h - 2 scrolls of enchant weapon
 w - a scroll of fog
 y - a scroll of summoning
 A - a scroll of silence
 D - a scroll of identify
Potions
 d - 4 potions of brilliance
 e - a potion of heal wounds
 n - a potion of might
 o - 4 potions of haste
 p - 3 potions of invisibility
 q - 4 potions of flight
 s - 8 potions of curing
 t - a potion of cancellation
 v - 4 potions of attraction
 B - a potion of lignification {unknown}


   Skills:
 + Level 6.5 Fighting
 - Level 8.0 Armour
 - Level 1.0 Dodging
 - Level 1.7 Stealth
 + Level 12.5 Unarmed Combat


You had 9 spell levels left.
You didn't know any spells.
Your spell library contained the following spells:

 Spells                   Type           Power      Damage    Failure   Level
 Freeze                   Ice            0%         1d3       67%         1
 Summon Small Mammal      Summ           0%         N/A       67%         1
 Call Imp                 Summ           0%         N/A       80%         2
 Call Canine Familiar     Summ           0%         N/A       95%         3
 Frozen Ramparts          Ice            0%         1d2       95%         3
 Ozocubu's Armour         Ice            0%         N/A       95%         3
 Summon Guardian Golem    Hex/Summ       0%         N/A       95%         3
 Hailstorm                Conj/Ice       0%         3d3       100%        4
 Summon Ice Beast         Ice/Summ       0%         N/A       100%        4
 Summon Lightning Spire   Summ/Air       0%         N/A       100%        4
 Metabolic Englaciation   Hex/Ice        0%         N/A       100%        5


Dungeon Overview and Level Annotations

Branches:
Dungeon (9/15)             Temple (1/1) D:7           Sewer (visited)
   Lair: D:8-11         Orc: D:9-12

Altars:
Ashenzari
Cheibriados
Dithmenos
Elyvilon
Fedhas
Gozag
Hepliaklqana
Kikubaaqudgha
Makhleb
Nemelex Xobeh
Okawaru
Qazlal
Ru
Sif Muna
Trog
Uskayaw
Vehumet
Wu Jian
Xom
Yredelemnul
Zin
The Shining One

Shops:
D:1 !   D:3 *


Innate Abilities, Weirdness & Mutations

You may rarely emit foul miasma when damaged in melee.
You are mostly covered in sharp spines.
You are completely covered in razor-sharp scales. (AC +3, Slay +3)


Message History

An acid dragon is nearby!
A wight comes into view. It is wielding a +0 halberd.
The acid dragon roars!
A wight comes into view. It is wielding a +5 short sword.
A wight comes into view. It is wielding a +5 long sword.
The acid dragon spits acid at you.
The splash of acid hits you but does no damage.
The acid corrodes you!
You are splashed with acid.
You resist. The acid dragon spits acid at you. The splash of acid hits you!
You resist. The acid corrodes you!
You are splashed with acid.
You resist. The wight is struck by your spines.
The wight hits you but does no damage.
Found a stone staircase leading down.
The wight barely misses you.
You hit the acid dragon but do no damage.
The wight is struck by your spines.
The wight hits you with a +5 short sword!
The acid dragon is struck by your spines.
The acid dragon bites you.
The acid dragon claws you but does no damage.
You hit the acid dragon but do no damage.
The acid dragon is moderately wounded.
The wight hits you from afar with a +0 halberd!
You feel drained.
You hit the acid dragon.
The acid dragon is moderately wounded.
The acid dragon is struck by your spines.
The acid dragon barely misses you. x2; The wight barely misses you.
You hit the acid dragon.
The acid dragon is severely wounded.
The wight hits you with a +5 short sword!
You feel drained. The acid dragon bites you!
* * * LOW HITPOINT WARNING * * *
The acid dragon claws you but does no damage.
The wight hits you with a +5 long sword.
* * * LOW HITPOINT WARNING * * *
You feel drained.
The wight hits you from afar with a +0 halberd!
You die...
Your body crumbles into a pile of gold.

#......#
#......#
#......#
#....).#
#......#
#..#...#
#..#...#
#..#...#
#...@z.##
#..Dz...#
#...z#..#
##
#....#..#
##.
#....#.(#
#.(
#....#..#
#..
#........
#..
#.........
###
#.........#


You could see an acid dragon and 3 wights.

Vanquished Creatures
  Gastronok (D:8)
  A two-headed ogre (D:6)
  Prince Ribbit (D:7)
  A hornet (D:9)
  A shadow (D:9)
  6 yaks
  A wyvern (D:9)
  2 steam dragons
  An orc warrior (D:3)
  4 water moccasins
  3 sky beasts
  The ghost of BigRedEye the Slasher, an amateur MiFi (D:3)
  A necrophage (D:5)
  An ogre (D:6)
  5 centaurs
  A phantom (D:6)
  A kobold brigand (D:6)
  7 bullfrogs
  2 scorpions
  2 wyvern skeletons (D:6)
  A water moccasin skeleton (D:4)
  An electric eel (D:6)
  2 centaur zombies
  A howler monkey (D:8)
  A bullfrog zombie (D:5)
  2 hounds
  A jelly (D:5)
  3 orc priests
  A centaur skeleton (D:6)
  2 scorpion zombies
  Natasha (thrice) (D:4)
  5 orc wizards
  A killer bee zombie (D:5)
  A hound skeleton (D:3)
  11 adders
  A howler monkey skeleton (D:7)
  10 river rats (Sewer)
  3 white imps
  An ufetubus (D:7)
  2 dart slugs
  24 orcs
  7 endoplasms
  7 giant cockroaches
  4 goblins
  6 hobgoblins
  3 jackals (D:1)
  25 kobolds
  3 quokkas
  8 ball pythons
  A ball python zombie (D:3)
  2 bats
  2 frilled lizards
  18 rats
206 creatures vanquished.

Vanquished Creatures (others)
  An orc wizard (D:6)
  10 plants
11 creatures vanquished.

Grand Total: 217 creatures vanquished

Notes
Turn   | Place    | Note
-------+----------+-------------------------------------------
     0 | D:1      | Froggeryz the Demonspawn Wanderer began the quest for the
                  | Orb.
     0 | D:1      | Froggeryz set off with the following items: a +0 dagger, a
                  | scroll of blinking, a scroll of teleportation, a +0 ring
                  | mail, a potion of heal wounds
     0 | D:1      | Reached XP level 1. HP: 18/18 MP: 1/1
   235 | D:1      | Found Hexuren's Distillery.
   293 | D:1      | Gained mutation: You are partially covered in sharp spines.
                  | [demonic ancestry]
   293 | D:1      | Reached XP level 2. HP: 22/24 MP: 2/2
   294 | D:1      | Reached skill level 2 in Unarmed Combat
  1012 | D:2      | Noticed a water moccasin
  1015 | D:2      | Reached skill level 8 in Unarmed Combat
  1015 | D:2      | Reached XP level 3. HP: 26/29 MP: 3/3
  1023 | D:2      | Killed a water moccasin
  1024 | D:2      | Reached skill level 9 in Unarmed Combat
  1024 | D:2      | Reached XP level 4. HP: 10/35 MP: 4/4
  1024 | D:2      | Gained mutation: You are partially covered in razor-sharp
                  | scales. (AC +1, Slay +1) [demonic ancestry]
  1024 | D:2      | Reached XP level 5. HP: 12/41 MP: 5/5
  1688 | D:2      | Found a faded altar of an unknown god.
  2531 | D:3      | Found Kiramyuk's General Store.
  2586 | D:3      | Found a glowing drain.
  2597 | D:3      | Gained mutation: You are mostly covered in razor-sharp
                  | scales. (AC +2, Slay +2) [demonic ancestry]
  2597 | D:3      | Reached XP level 6. HP: 34/47 MP: 6/6
  2604 | Sewer    | Entered a sewer
  3103 | Sewer    | Identified the +10 great mace of Fee Simple {elec, +Rage
                  | rF+ rC+ rN+}
  3441 | D:3      | Bought a potion of curing for 30 gold pieces
  3441 | D:3      | Bought a scroll of teleportation for 30 gold pieces
  3704 | D:3      | Found a runed translucent gate.
  3704 | D:3      | Found a runed translucent gate.
  3704 | D:3      | Found a runed translucent gate.
  3704 | D:3      | Noticed BigRedEye's ghost (amateur MiFi)
  3706 | D:3      | Found a basalt altar of Yredelemnul.
  3773 | D:3      | Killed BigRedEye's ghost
  3774 | D:3      | Gained mutation: You are completely covered in razor-sharp
                  | scales. (AC +3, Slay +3) [demonic ancestry]
  3774 | D:3      | Reached XP level 7. HP: 25/55 MP: 7/7
  4432 | D:4      | Noticed Natasha
  4788 | D:4      | Found a hazy altar of Hepliaklqana.
  4830 | D:4      | Reached skill level 5 in Fighting
  4937 | D:4      | Killed Natasha
  5059 | D:4      | Noticed Natasha
  5065 | D:4      | Killed Natasha
  5126 | D:4      | Noticed Natasha
  5134 | D:4      | Killed Natasha
  5493 | D:4      | Found a burning altar of Makhleb.
  5517 | D:5      | Entered Level 5 of the Dungeon
  5536 | D:5      | Gained mutation: You may rarely emit foul miasma when
                  | damaged in melee. [demonic ancestry]
  5536 | D:5      | Reached XP level 8. HP: 53/63 MP: 8/8
  5646 | D:5      | Reached skill level 10 in Unarmed Combat
  6724 | D:6      | Found a sparkling altar of Nemelex Xobeh.
  6803 | D:6      | Noticed a two-headed ogre
  7056 | D:6      | Killed a two-headed ogre
  7057 | D:6      | Reached skill level 5 in Armour
  7057 | D:6      | Gained mutation: You are mostly covered in sharp spines.
                  | [demonic ancestry]
  7057 | D:6      | Reached XP level 9. HP: 29/69 MP: 9/9
  7306 | D:6      | Reached skill level 11 in Unarmed Combat
  7830 | D:7      | Found a staircase to the Ecumenical Temple.
  7871 | Temple   | Entered the Ecumenical Temple
  8108 | D:7      | Found a radiant altar of Vehumet.
  8250 | D:7      | Noticed Prince Ribbit
  8267 | D:7      | Killed Prince Ribbit
  8347 | D:7      | Found a broken altar of Ashenzari.
  8814 | D:8      | Found an opulent altar of Gozag.
  8879 | D:8      | Became a worshipper of Gozag Ym Sagoz the Greedy
  9111 | D:8      | Found a bloodstained altar of Trog.
  9124 | D:8      | Found an iron altar of Okawaru.
  9208 | D:8      | Reached XP level 10. HP: 34/76 MP: 10/10
  9678 | D:8      | Found a sacrificial altar of Ru.
  9775 | D:8      | Noticed Gastronok
 10156 | D:8      | Killed Gastronok
 10157 | D:8      | Reached skill level 12 in Unarmed Combat
 10857 | D:9      | Found a hide-covered altar of Uskayaw.
 11316 | D:9      | Slain by a wight

Illustrated notes

Levels and vault maps discovered:
D:1:      minmay_arrival_nine_rooms, layout_basic, serial_shops, shop,
          minmay_misc_feat_rows, st_stairs_14
D:2:      layout_loops_corners, hellmonk_ecumenical_altar_inner_sanctum,
          serial_bayou_pond_e
D:3:      layout_loops_ring, nicolae_yredelemnul_ghost_church, serial_shops,
          nicolae_shop_waterfront, gup_sewer_entry_glass
D:4:      layout_rooms, nicolae_hepliaklqana_hazy_memory,
          lightli_temple_of_fire, guppyfry_early_orc_mine, uniq_natasha
D:5:      layout_loops_cross
D:6:      corexii_shack_village, layout_loops_ring, lemuel_doored_altar,
          serial_bayou_pond_b
D:7:      layout_basic, nicolae_ashenzari_skybound, grunt_temple_overflow_open,
          minmay_temple_entry_crystal_x, nrook_campfire, uniq_prince_ribbit1
D:8:      layout_gridville, nicolae_gozag_seed_capital, trog_book,
          amcnicky_altar_gilded, nicolae_ru_awakened_eye, uniq_gastronok
D:9:      layout_stronghold, marbit_many_paths, chequers_serial_rivers_room_b,
          uniq_erica
Temple:   zaba_magenta_temple

Skill      XL: |  1  2  3  4  5  6  7  8  9 10 |
---------------+-------------------------------+-----
Unarmed Combat | 8 9 10 11 12 | 12.5
Fighting       | 4 5 6 |  6.5
Armour         | 5 6 8 |  8.0
Dodging        | |  1.0
Stealth        | |  1.7

Action                   |  1- 3 |  4- 6 |  7- 9 | 10-12 || total
-------------------------+-------+-------+-------+-------++-------
Melee: Dagger            |    75 |       |       |       ||    75
       Unarmed           |     7 |   148 |   220 |    95 ||   470
       Punch             |       |     3 |     9 |     4 ||    16
Evoke: Wand              |       |       |     8 |       ||     8
  Use: Potion            |     2 |       |     1 |     1 ||     4
       Scroll            |       |     6 |    10 |     1 ||    17
 Stab: Distracted        |       |       |       |     2 ||     2
       Sleeping          |       |       |       |     1 ||     1
Armor: Ring mail         |    18 |       |       |       ||    18
       Scale mail        |     5 |    47 |    88 |    37 ||   177
Dodge: Dodged            |    45 |    39 |    73 |    33 ||   190

Table legend: (Time is in decaauts)
 A = Elapsed time spent in this place.
 B = Non-inter-level travel time spent in this place.
 C = Inter-level travel time spent in this place.
 D = Time resting spent in this place.
 E = Time spent auto-exploring this place.
 F = Levels seen in this place.
 G = Mean time per level.
                   A        B        C        D        E       F      G
               +--------+--------+--------+--------+--------+-----+--------+
         Total |  11317 |  10957 |    360 |   1578 |   7831 |  11 | 1028.8 |
       Dungeon |  10294 |   9950 |    344 |   1505 |   7142 |   9 | 1143.8 |
        Temple |    219 |    203 |     16 |      0 |    145 |   1 |  219.0 |
         Sewer |    804 |    804 |      0 |     73 |    544 |   1 |  804.0 |
               +--------+--------+--------+--------+--------+-----+--------+

Top non-repeatable levels by time:
     D:8: 1796 daAuts
     D:3: 1733 daAuts
     D:6: 1308 daAuts
     D:2: 1150 daAuts
     D:1: 966 daAuts
     D:7: 931 daAuts
     D:4: 854 daAuts
   Sewer: 804 daAuts
     D:5: 803 daAuts
     D:9: 749 daAuts
  Temple: 219 daAuts
